 Dungeon Crawl Stone Soup version 0.30.1-3-gfc49f6343a (webtiles) character file.

Game seed: 12280999121096800536

125 Destapler the Insei (level 5, -1/40 HPs)
             Began as a Gnoll Transmuter on July 23, 2023.
             Was an Initiate of Yredelemnul.
             Slain by a cerulean imp
             ... wielding a +2 spear
             ... summoned by Natasha
              (5 damage)
             ... on level 3 of the Dungeon on July 24, 2023.
             The game lasted 00:10:32 (2147 turns).

Destapler the Insei (Gnoll Transmuter)              Turns: 2147, Time: 00:10:35

Health: -1/40      AC:  3    Str:  8 (9)  XL:     5   Next: 9%
Magic:  8/12       EV: 10    Int: 13 (14) God:    Yredelemnul [......]
Gold:   161        SH:  0    Dex: 12 (13) Spells: 8/14 levels left

rFire   . .          .
                       - Unarmed
rCold   . . .        (no shield)
rNeg    . . .        a - +0 robe
rPois   .            (no helmet)
rElec   .            (no cloak)
rCorr   .            f - +0 pair of gloves
SInv    .            (no boots)
Will    .....        (no amulet)
Stlth   ++           (no ring)
HPRegen 0.26/turn    (no ring)
MPRegen 0.13/turn

%: no passive effects
@: wereblooded, constricted
A: fangs 1, strong nose, distributed training
a: Renounce Religion, Recall Undead Harvest


You were on level 3 of the Dungeon.
You worshipped Yredelemnul.
Yredelemnul was noncommittal.
You visited 1 branch of the dungeon, and saw 3 of its levels.

You collected 161 gold pieces.

Inventory:

Armour
 a - a +0 robe (worn)
 f - a +0 pair of gloves (worn)
 h - a +0 kite shield
Wands
 i - a wand of light (14)
Scrolls
 j - a scroll of blinking {unknown}
 l - a scroll of immolation {unknown}
 m - a scroll of magic mapping {unknown}
Potions
 b - a potion of lignification
 d - a potion of flight {unknown}
 e - a potion of resistance {unknown}
 g - a potion of curing {unknown}
 k - a potion of heal wounds {unknown}


   Skills:
 + Level 2.9 Fighting
 + Level 1.4 Short Blades
 + Level 1.4 Long Blades
 + Level 1.4 Axes
 + Level 1.4 Maces & Flails
 + Level 1.4 Polearms
 + Level 1.4 Staves
 + Level 1.4 Ranged Weapons
 + Level 1.4 Throwing
 + Level 1.4 Armour
 + Level 4.7 Dodging
 + Level 1.4 Stealth
 + Level 1.4 Shields
 + Level 6.6 Unarmed Combat
 + Level 5.1 Spellcasting
 + Level 1.1 Conjurations
 + Level 1.1 Hexes
 + Level 1.1 Summonings
 + Level 1.1 Necromancy
 + Level 1.1 Translocations
 + Level 3.9 Transmutations
 + Level 1.1 Fire Magic
 + Level 1.1 Ice Magic
 + Level 1.1 Air Magic
 + Level 1.1 Earth Magic
 + Level 1.1 Poison Magic
 + Level 1.5 Invocations
 + Level 1.4 Evocations


You had 8 spell levels left.
You knew the following spells:

 Your Spells              Type           Power      Damage    Failure   Level
a - Beastly Appendage     Tmut           26%        N/A       3%          1
b - Wereblood             Tmut           13%        N/A       5%          2
c - Spider Form           Tmut/Pois      9%         N/A       19%         3

Your spell library contained the following spells:

 Spells                   Type           Power      Damage    Failure   Level
 Foxfire                  Conj/Fire      24%        2x1d5     12%         1
 Sandblast                Erth           12%        2d6       12%         1
 Poisonous Vapours        Pois/Air       12%        N/A       17%         2
 Inner Flame              Hex/Fire       6%         N/A       34%         3
 Ice Form                 Ice/Tmut       9%         N/A       54%         4
 Irradiate                Conj/Tmut      4%         3d13      87%         5
 Yara's Violent Unravell  Hex/Tmut       4%         3d4       87%         5
 Conjure Ball Lightning   Conj/Air       3%         3x3d6     100%        6
 Plasma Beam              Fire/Air       3%         2x1d14    100%        6
 Enfeeble                 Hex            3%         N/A       100%        7


Dungeon Overview and Level Annotations

Branches:
Dungeon (3/15)

Altars:
Yredelemnul

Annotations:
D:3 Natasha


Innate Abilities, Weirdness & Mutations

You have very sharp teeth.
Your uncanny sense of smell can sniff out nearby items.
Your experience applies equally to all skills.


Message History

An orc wizard comes into view.
It is wielding a +0 dagger and carrying a wand of iceblast (9).
Unknown command.
The orc wizard shouts!
You hit Natasha but do no damage.
Natasha is severely wounded.
The ball python barely misses you. The ball python misses you.
Natasha misses you.
The orc priest hits you with a +0 short sword.
* * * LOW HITPOINT WARNING * * *
You hit Natasha but do no damage. You claw Natasha, but do no damage.
Your headbutt misses Natasha.
Natasha is severely wounded.
The ball python barely misses you. The ball python grabs you.
The ball python constricts you.
Natasha casts a spell.
The orc priest hits you but does no damage.
The orc wizard casts a spell.
The orc wizard flickers and vanishes!
Deactivating autopickup; reactivate with Ctrl-A.
You completely miss Natasha. Your kick misses Natasha.
Your bite misses Natasha.
Natasha is severely wounded.
The ball python barely misses you. The ball python constricts you.
* * * LOW HITPOINT WARNING * * *
Natasha claws you.
* * * LOW HITPOINT WARNING * * *
You barely miss Natasha. Your punch misses Natasha.
Natasha is severely wounded.
The cerulean imp hits you from afar with a +2 spear.
* * * LOW HITPOINT WARNING * * *
The ball python bites you but does no damage.
The ball python constricts you. Natasha claws you.
* * * LOW HITPOINT WARNING * * *
It was a potion of degeneration.
There was something very wrong with that liquid.
You feel weakened.
You feel dopey.
You feel clumsy.
Your horns disappear.
Your talons disappear.
The cerulean imp hits you from afar with a +2 spear.
You die...
Your body rises from the dead as a mindless zombie.

#..............
#.?............
##..............
................
#..............
#......ol......
#.....oSh5.....
#####.....!@...)...
...................
..................
###..............
#..............
#..............
#####..............
#..................
#...................


You could see an iguana, an orc priest, Natasha, a cerulean imp (summoned), an
orc and a ball python.

Vanquished Creatures
  Natasha (D:3)
  An adder (D:2)
  4 worms
  3 dart slugs
  5 ball pythons
  4 endoplasms
  3 giant cockroaches (D:1)
  6 goblins
  9 hobgoblins
  7 jackals
  4 quokkas
  3 bats
  5 frilled lizards
  2 kobolds
  A rat (D:1)
58 creatures vanquished.

Vanquished Creatures (collateral kills)
  A ball python (D:2)
  A giant cockroach (D:2)
  2 goblins (D:2)
  A frilled lizard (D:1)
  2 rats (D:2)
7 creatures vanquished.

Vanquished Creatures (others)
  A bat zombie (D:3)
  A dart slug zombie (D:3)
  A frilled lizard zombie (D:2)
  A hobgoblin zombie (D:2)
  A kobold zombie (D:3)
5 creatures vanquished.

Grand Total: 70 creatures vanquished

Notes
Turn   | Place    | Note
-------+----------+-------------------------------------------
     0 | D:1      | Destapler the Gnoll Transmuter began the quest for the Orb.
     0 | D:1      | Reached XP level 1. HP: 17/17 MP: 6/6
   218 | D:1      | Reached XP level 2. HP: 19/23 MP: 5/7
   293 | D:1      | Learned a level 2 spell: Wereblood
   473 | D:1      | Reached skill level 5 in Spellcasting
   473 | D:1      | Reached XP level 3. HP: 28/28 MP: 5/9
   672 | D:1      | Found a faded altar of an unknown god.
   679 | D:1      | Got Plato's Notes on the Cwm
   680 | D:1      | Prayed at the altar of an unknown god.
   680 | D:1      | Became a worshipper of Yredelemnul the Dark
   680 | D:1      | Reached * piety under Yredelemnul
  1205 | D:2      | Reached skill level 1 in Invocations
  1356 | D:2      | Reached skill level 1 in Short Blades
  1356 | D:2      | Reached skill level 1 in Long Blades
  1356 | D:2      | Reached skill level 1 in Axes
  1356 | D:2      | Reached skill level 1 in Maces & Flails
  1356 | D:2      | Reached skill level 1 in Polearms
  1356 | D:2      | Reached skill level 1 in Staves
  1356 | D:2      | Reached skill level 1 in Ranged Weapons
  1356 | D:2      | Reached skill level 1 in Throwing
  1356 | D:2      | Reached skill level 1 in Armour
  1356 | D:2      | Reached skill level 1 in Stealth
  1356 | D:2      | Reached skill level 1 in Shields
  1356 | D:2      | Reached skill level 1 in Evocations
  1398 | D:2      | Reached ** piety under Yredelemnul
  1474 | D:2      | Reached XP level 4. HP: 29/34 MP: 7/11
  1496 | D:2      | Reached *** piety under Yredelemnul
  1585 | D:2      | Learned a level 3 spell: Spider Form
  1606 | D:2      | Reached skill level 1 in Conjurations
  1606 | D:2      | Reached skill level 1 in Hexes
  1606 | D:2      | Reached skill level 1 in Summonings
  1606 | D:2      | Reached skill level 1 in Necromancy
  1606 | D:2      | Reached skill level 1 in Translocations
  1606 | D:2      | Reached skill level 1 in Fire Magic
  1606 | D:2      | Reached skill level 1 in Ice Magic
  1606 | D:2      | Reached skill level 1 in Air Magic
  1606 | D:2      | Reached skill level 1 in Earth Magic
  1606 | D:2      | Reached skill level 1 in Poison Magic
  1639 | D:2      | Got the Grimoire of the Gaseous Missiles
  1875 | D:3      | Noticed Natasha
  2089 | D:3      | Killed Natasha
  2090 | D:3      | Reached XP level 5. HP: 33/40 MP: 10/12
  2133 | D:3      | Noticed Natasha
  2147 | D:3      | Slain by a cerulean imp

Illustrated notes

Levels and vault maps discovered:
D:1:      minmay_arrival_four_loops, layout_basic,
          shapermc_ecumenical_altar_rom_forum, minmay_misc_feat_columns
D:2:      cheibrodos_greedy_goblins, layout_rooms, glass_columns_a,
          chequers_serial_rivers_room_b, amcnicky_mini_pool_small
D:3:      layout_basic, supply_closet_lemuel, uniq_natasha

Skill      XL: |  1  2  3  4 |
---------------+-------------+-----
Spellcasting   | 5 |  5.1
Invocations    | 1 |  1.5
Short Blades   | 1 |  1.4
Long Blades    | 1 |  1.4
Axes           | 1 |  1.4
Maces & Flails | 1 |  1.4
Polearms       | 1 |  1.4
Staves         | 1 |  1.4
Ranged Weapons | 1 |  1.4
Throwing       | 1 |  1.4
Armour         | 1 |  1.4
Stealth        | 1 |  1.4
Shields        | 1 |  1.4
Evocations     | 1 |  1.4
Conjurations   | 1 |  1.1
Hexes          | 1 |  1.1
Summonings     | 1 |  1.1
Necromancy     | 1 |  1.1
Translocations | 1 |  1.1
Fire Magic     | 1 |  1.1
Ice Magic      | 1 |  1.1
Air Magic      | 1 |  1.1
Earth Magic    | 1 |  1.1
Poison Magic   | 1 |  1.1
Fighting       | |  2.9
Dodging        | |  4.7
Unarmed Combat | |  6.6
Transmutations | |  3.9

Action                     |  1- 3 |  4- 6 || total
---------------------------+-------+-------++-------
  Melee: Unarmed           |    94 |    47 ||   141
         Kick              |    21 |    14 ||    35
         Headbutt          |    16 |     6 ||    22
         Punch             |     1 |     1 ||     2
         Bite              |     4 |     4 ||     8
   Cast: Beastly Appendage |    21 |     8 ||    29
         Wereblood         |     4 |     2 ||     6
 Invoke: Recall Undead Har |     1 |     1 ||     2
    Use: Potion            |       |     1 ||     1
 Armour: Robe              |    19 |    10 ||    29
  Dodge: Dodged            |    65 |    29 ||    94
